Unix NetHack Version 3.7.0-97 Work-in-progress - last build Feb 8 2024 15:05:57 (6d6cdf8371b60126770a3d7b88910941cb14a054,branch:master). Game began 2024-02-15 14:26:27, ended 2024-02-15 15:52:34. MalkMcJorma, neutral male human Barbarian --------- ---------- ------- |..`.....# --------- |.....>..| #...o..| |.......|# |.......| |.........########|%dd@@| ---.-----# |.......| |........|# #|......# # # |.......| -.-[-+----# #-------( # ######........| # # # # #% # |.......| # # ## # # ----.---- # # # # # # ### # # # # #-----# # # -.-----####.....# # # ......-# #|...|# # # |.....| ....|# -----|------ ##### ###-..|..| |....# |..........| ##-.------ # ------- -.{.| |...........#[#####|.....<| # ----- |..........| # |.......## |........... |......| ------------ -------- MalkMcJorma the Bandit St:25 Dx:17 Co:18 In:7 Wi:8 Ch:7 Neutral Dlvl:7 $:412 HP:0(79) Pw:23(23) AC:-5 Xp:8/2073 T:8963 Satiated Burdened Latest messages: You see here 11 darts. You feel less confused now. You see here an arrow. You fall down the stairs. You see here an empty unlocked chest. You fall down the stairs. You fall down the stairs. Where do you want to travel to? (For instructions type a '?') You hear the splashing of a naiad. You fall down the stairs. You remember this level as Vault. Where do you want to travel to? (For instructions type a '?') The kobold misses! You kill the kobold! You kill the jackal! You see here a kobold corpse. The Elvenqueen throws an elven dagger! An elven dagger misses you. The Elvenqueen wields a mace! You smite the Elvenqueen! The Elvenqueen swings her mace. The Elvenqueen hits! The Elvenqueen swings her mace. The Elvenqueen hits again! You smite the Elvenqueen! The jackal misses! The Elvenqueen swings her mace. The Elvenqueen hits! The Elvenqueen swings her mace. The Elvenqueen hits again! You smite the Elvenqueen! The jackal misses! The Elvenqueen swings her mace. The Elvenqueen hits! The Elvenqueen swings her mace. The Elvenqueen hits again! You smite the Elvenqueen! The jackal misses! The Elvenqueen swings her mace. The Elvenqueen hits! The Elvenqueen swings her mace. The Elvenqueen hits again! You smite the Elvenqueen! The jackal bites! The hobgoblin misses! The Elvenqueen swings her mace. The Elvenqueen hits! You die... Inventory: Coins ('$') $ - 412 gold pieces Weapons (')') Z - 4 uncursed rustproof +0 daggers q - 21 uncursed +0 daggers (at the ready) w - 3 cursed -1 daggers G - the uncursed +0 Sting a - an uncursed rusty +0 battle-axe B - an uncursed +0 short sword Armor ('[') m - an uncursed +0 orcish helm (being worn) y - an uncursed rustproof +0 pair of gauntlets of power (being worn) Y - an uncursed +3 pair of iron shoes (being worn) s - an uncursed fireproof +0 cloak of protection (being worn) i - an uncursed +0 mummy wrapping h - an uncursed +0 chain mail (being worn) Comestibles ('%') n - an uncursed cream pie C - 4 uncursed food rations e - an uncursed sprig of wolfsbane E - 3 uncursed eggs U - an uncursed lizard corpse Scrolls ('?') f - a cursed scroll of amnesia named 200 Q - a blessed scroll of blank paper S - 3 uncursed scrolls of blank paper R - 2 cursed scrolls of blank paper r - 2 uncursed scrolls of enchant weapon named 60 g - an uncursed scroll of fire named 100 j - an uncursed scroll of punishment named 300 L - an uncursed scroll of remove curse named 80 F - a cursed scroll of teleportation Spellbooks ('+') H - an uncursed spellbook of force bolt Potions ('!') l - an uncursed potion of gain level named 300 o - a cursed potion of sleeping named 100 K - 2 uncursed potions of water Rings ('=') c - an uncursed ring of slow digestion (on left hand) Wands ('/') z - an uncursed wand of magic missile (0:3) b - an uncursed wand of sleep named Sleep (0:3) N - an uncursed wand of slow monster (0:7) M - an uncursed wand of striking (0:6) Tools ('(') I - an uncursed wooden flute O - an uncursed blindfold J - a cursed can of grease named cursed (0:10) T - an uncursed lock pick X - a cursed mirror x - an uncursed +0 pick-axe (weapon in right hand) k - an uncursed skeleton key u - a cursed skeleton key V - an uncursed stethoscope P - an uncursed towel MalkMcJorma the Barbarian's attributes: Background: You were a Bandit, a level 8 male human Barbarian. You were neutral, on a mission for Crom who was opposed by Mitra (lawful) and Set (chaotic). You were right-handed. You were in the Dungeons of Doom, on level 7. You entered the dungeon 8963 turns ago. You had 2073 experience points, 487 more were needed to attain level 9. Basics: You had 0 out of 79 hit points. You had all 23 energy points (spell power). Your armor class was -5. Your wallet contained 412 zorkmids. Autopickup was off. Final Characteristics: Your strength was 25 (base:18, innate limit:18/100). Your dexterity was 17 (limit:18). Your constitution was 18 (limit:18). Your intelligence was 7 (limit:18). Your wisdom was 8 (limit:18). Your charisma was 7 (limit:18). Final Status: You were satiated. You were burdened; movement was slightly slowed. You were wielding a pick-axe. You were unskilled in pick-axe. Final Attributes: You were piously aligned. You were fire resistant. You were poison resistant. You were telepathic. You had slower digestion. You were protected. You were fast. You are dead. Miscellaneous: You disabled loading of bones levels. Total elapsed playing time was 1 hour, 26 minutes and 2 seconds. Major events: Turn 1: MalkMcJorma the neutral male human Barbarian entered the dungeon 461: entered the Gnomish Mines 1031: attained the rank of Pillager (level 3) 1591: became literate by naming Sting 3723: attained the rank of Bandit (level 6) 5240: reached Mine Town 7390: entered Sokoban 8320: completed 1st Sokoban level 8963: killed by an Elvenqueen Vanquished creatures: a small mimic a watchman 2 wolves a leprechaun 2 gnome rulers an orc mummy 2 brown puddings a gold golem a lizard a dingo a dwarf leader 5 soldier ants 2 bugbears 11 Uruk-hai 3 rock piercers 2 yellow lights a shrieker a violet fungus 5 gnome leaders 2 gnomish wizards a kobold mummy a gray ooze a straw golem 2 paper golems a giant ant a little dog 3 floating eyes a kitten 8 dwarves a kobold leader 6 rothes a centipede a giant bat 3 monkeys 3 orc zombies a wererat 2 werejackals 3 iguanas 11 killer bees an acid blob 2 coyotes a gas spore 4 hobbits 7 manes 3 large kobolds 2 hobgoblins 2 giant rats a yellow mold 3 red molds 34 gnomes 2 garter snakes a gnome zombie 5 geckos 8 jackals a fox 2 kobolds 6 goblins 4 grid bugs a bat 5 lichens 2 kobold zombies 6 newts 200 creatures vanquished. No species were genocided or became extinct. Voluntary challenges: You read items or engraved 9 times. You engraved Elbereth 2 times. You never genocided any monsters. You never polymorphed an object. You never changed form. You used no wishes. You did not violate any of the special Sokoban rules. Achievements: You entered the Gnomish Mines. You attained the rank of Pillager. You entered a shop. You attained the rank of Bandit. You entered Minetown. You entered a temple. You entered Sokoban. The Dungeons of Doom: levels 1 to 8 Level 1: "Vault" A sink, a grave. Level 2: Some fountains. Stairs down to The Gnomish Mines. Level 3: Level 4: A fountain, a sink. Level 5: Level 6: Many fountains. Oracle of Delphi. Level 7: "Vault" <- You were here. A fountain, a grave. Stairs up to Sokoban, level 6. Final resting place for you, killed by an Elvenqueen. Level 8: The Gnomish Mines: levels 3 to 7 Level 3: Level 4: Level 5: Level 6: A temple and an altar, some fountains. Level 7: Sokoban: levels 6 up to 5 Level 5: Unsolved. Level 6: Solved. Game over: ---------- / \ / REST \ / IN \ / PEACE \ / \ | MalkMcJorma | | 412 Au | | killed by an | | Elvenqueen | | | | | | 2024 | *| * * * | * _________)/\\_//(\/(/\)/\//\/|_)_______ Goodbye MalkMcJorma the Barbarian... You died in The Dungeons of Doom on dungeon level 7 with 9023 points, and 412 pieces of gold, after 8963 moves. You were level 8 with a maximum of 79 hit points when you died.